 Dungeon Crawl Stone Soup version 0.32-a0-872-g59262bdc9b (webtiles) character file.

Game seed: 138580284184657020

2921 jasper the Severer (level 9, 0/105 HPs)
             Began as a Mountain Dwarf Berserker on Mar 30, 2024.
             Was an Elder of Trog.
             Killed from afar by Erica (8 damage)
             ... with a bolt of poison
             ... on level 8 of the Dungeon.
             The game lasted 00:12:15 (7128 turns).

jasper the Severer (Mountain Dwarf Berserker)       Turns: 7128, Time: 00:12:16

Health: 0/105      AC: 11    Str: 24    XL:     9   Next: 50%
Magic:  9/9        EV: -2    Int:  8    God:    Trog [****..]
Gold:   382        SH:  0    Dex:  9    Spells: 8/8 levels left

rFire   . . .        h - +0 battleaxe
rCold   . . .        (shield currently unavailable)
rNeg    . . .        F - +0 chain mail
rPois   .            (no helmet)
rElec   .            i - +0 cloak
rCorr   .            (no gloves)
SInv    .            m - +1 pair of boots
Will    ++...        (no amulet) Stlth
                     t - +4 ring of slaying
HPRegen 1.37/turn    (no ring)
MPRegen 0.11/turn

%: no passive effects
@: berserking (expiring), lethally poisoned (0 -> -31), strong-willed,
regenerating, constricted, very quick
A: runic magic, artefact enchanting
a: Renounce Religion, Berserk, Trog's Hand, Brothers in Arms


You were on level 8 of the Dungeon.
You worshipped Trog.
Trog was greatly pleased with you.
You visited 1 branch of the dungeon, and saw 8 of its levels.
You also visited: Sewer.

You collected 382 gold pieces.

Inventory:

Hand Weapons
 a - a +1 hand axe
 h - a +0 battleaxe (weapon)
 s - a +0 trident
 D - a +1 hand axe of flaming
 E - a +0 morningstar
Missiles
 l - 43 stones (quivered)
 u - 15 poisoned darts
 x - 2 throwing nets
Armour
 b - a +0 animal skin
 d - a +0 leather armour
 e - a +0 ring mail
 i - a +0 cloak (worn)
 k - a +0 scale mail
 m - a +1 pair of boots (worn)
 p - a +0 cloak
 F - a +0 chain mail (worn)
Jewellery
 r - a ring of magical power
 t - a +4 ring of slaying (left hand)
 w - a ring of fire
Wands
 j - a wand of flame (39)
Scrolls
 f - 2 scrolls of fear
 g - a scroll of blinking
 n - a scroll of revelation
 v - 3 scrolls of enchant weapon
 y - 2 scrolls of enchant armour
 A - a scroll of teleportation
 G - a scroll of poison
Potions
 c - 2 potions of berserk rage
 o - 3 potions of curing
 q - 2 potions of magic
 z - 2 potions of enlightenment
 B - a potion of brilliance {unknown}
 C - a potion of cancellation {unknown}


   Skills:
 - Level 3.2 Fighting
 + Level 15.8 Axes
 - Level 2.1 Armour
 - Level 1.3 Dodging


You had 8 spell levels left.
You didn't know any spells.
Your spell library was empty.

Dungeon Overview and Level Annotations

Branches:
Dungeon (8/15)             Temple (0/1) D:7           Sewer (visited)
   Lair: D:8-11

Altars:
Dithmenos
Fedhas
Kikubaaqudgha
Makhleb
Qazlal
Trog
Uskayaw
Zin

Annotations:
D:5 Menkaure
D:8 Erica


Innate Abilities, Weirdness & Mutations

Your spellcasting is much less encumbered by armour.
You can use scrolls of enchantment on lesser artefacts.


Message History

You are poisoned.
You are constricted.
You take 13 damage, and have 66/105 hp.
You closely miss something.
You feel very sick.
You take 2 damage, and have 64/105 hp.
You miss something.
You feel sick. Something hits you. Something burns you.
You are constricted.
You take 5 damage, and have 59/105 hp.
You closely miss something.
You feel sick. Something hits you! Something burns you.
You are constricted.
You take 14 damage, and have 45/105 hp.
You closely miss something.
You feel sick.
You take 1 damage, and have 44/105 hp.
You miss something.
You feel sick. Something hits you! Something burns you.
* * * LOW HITPOINT WARNING * * *
You are constricted.
* * * LOW HITPOINT WARNING * * *
You take 19 damage, and have 25/105 hp.
You barely miss something.
You feel sick.
You hear some strange, mumbled words.
A bolt of poison appears from out of thin air!
The bolt of poison hits you.
You are more poisoned.
* * * LOW HITPOINT WARNING * * *
You are constricted.
* * * LOW HITPOINT WARNING * * *
You take 9 damage, and have 16/105 hp.
You miss something.
* * * LOW HITPOINT WARNING * * *
You feel very sick.
You take 4 damage, and have 12/105 hp.
You slash something!
* * * LOW HITPOINT WARNING * * *
You feel very sick.
You hear some strange, mumbled words.
A bolt of poison appears from out of thin air!
The bolt of poison hits you!
You are more poisoned.
You die...

###'###+###'###.# ..####
#..#.......#..##.. ....
#..#.......#..#.####...#
'..+###+###'..'....#.#.#
#..#.'...'.#..#......#.#
#..#.#...#.#..####..#
'##'.#._.#.+##+..†.#
#..#.#...#.#..##{#.......
#..#.+...+.#..#>@#.......
'..'###'###'..'.##.......
#..#.......#..#.# .......
#..#.......#..### ......{
###'###+###'### .......
#...#.# #...# #######
#.....# ###.###########
#...### #.#<........#
#...# #.#########.#


There were no monsters in sight!

Vanquished Creatures
  A two-headed ogre (D:6)
  A troll (D:7)
  Duvessa (D:4)
  2 sky beasts
  3 ice beasts
  2 black bears
  A centaur (D:8)
  A kobold brigand (D:7)
  5 bullfrogs
  4 scorpions
  Dowan (D:4)
  A crimson imp (D:4)
  A hound (D:6)
  Crazy Yiuf (D:4)
  An iguana (D:4)
  2 sleepcaps
  Ijyb (D:4)
  4 orc wizards
  11 adders
  A shadow imp (D:6)
  3 white imps
  A ribbon worm (D:2)
  13 dart slugs
  28 orcs
  12 ball pythons
  12 bats
  13 endoplasms
  19 giant cockroaches
  10 goblins
  6 hobgoblins
  3 jackals (D:3)
  4 quokkas
  11 frilled lizards
  12 kobolds
  12 rats
204 creatures vanquished.

Notes
Turn   | Place    | Note
-------+----------+-------------------------------------------
     0 | D:1      | jasper the Mountain Dwarf Berserker began the quest for the
                  | Orb.
     0 | D:1      | Reached XP level 1. HP: 19/19 MP: 1/1
   122 | D:1      | Reached skill level 4 in Axes
   134 | D:1      | Reached XP level 2. HP: 24/26 MP: 2/2
   810 | D:1      | Reached skill level 5 in Axes
  1151 | D:1      | Reached XP level 3. HP: 31/31 MP: 3/3
  1203 | D:2      | Found a stormy altar of Qazlal.
  1377 | D:2      | Reached ** piety under Trog
  1902 | D:3      | Reached XP level 4. HP: 36/38 MP: 4/4
  1965 | D:3      | Reached skill level 6 in Axes
  2087 | D:3      | Found a bloodstained altar of Trog.
  2380 | D:3      | Found a faded altar of an unknown god.
  2937 | D:4      | Found a shadowy altar of Dithmenos.
  2963 | D:4      | Reached XP level 5. HP: 41/45 MP: 5/5
  2964 | D:4      | Reached skill level 7 in Axes
  3236 | D:4      | Found a glowing drain.
  3254 | Sewer    | Entered a sewer
  3261 | Sewer    | Reached *** piety under Trog
  3262 | Sewer    | Reached skill level 8 in Axes
  3417 | Sewer    | Reached XP level 6. HP: 46/51 MP: 6/6
  3566 | Sewer    | Reached **** piety under Trog
  3574 | Sewer    | Reached skill level 9 in Axes
  3693 | D:4      | Found a runed translucent door.
  3694 | D:4      | Noticed Crazy Yiuf
  3775 | D:4      | Noticed Ijyb
  3792 | D:4      | Killed Ijyb
  3916 | D:4      | Reached XP level 7. HP: 56/57 MP: 7/7
  3990 | D:4      | Noticed Duvessa
  3992 | D:4      | Noticed Dowan
  3998 | D:4      | Killed Duvessa
  3999 | D:4      | Reached skill level 10 in Axes
  4000 | D:4      | Killed Dowan
  4152 | D:4      | Killed Crazy Yiuf
  4222 | D:5      | Entered Level 5 of the Dungeon
  4331 | D:5      | Reached skill level 11 in Axes
  4419 | D:5      | Noticed Menkaure
  4424 | D:6      | Noticed a two-headed ogre
  4431 | D:6      | Killed a two-headed ogre
  4432 | D:6      | Reached skill level 13 in Axes
  4432 | D:6      | Reached XP level 8. HP: 63/63 MP: 8/8
  4802 | D:6      | Reached skill level 14 in Axes
  4887 | D:6      | Found a stormy altar of Qazlal.
  4887 | D:6      | Found a blossoming altar of Fedhas.
  4888 | D:6      | Found a hide-covered altar of Uskayaw.
  4888 | D:6      | Found a burning altar of Makhleb.
  5533 | D:7      | Reached XP level 9. HP: 66/70 MP: 9/9
  5580 | D:7      | Found a staircase to the Ecumenical Temple.
  5759 | D:7      | Noticed a troll
  5780 | D:7      | Killed a troll
  6247 | D:7      | Reached skill level 15 in Axes
  6337 | D:7      | Found a glowing silver altar of Zin.
  6928 | D:8      | Found an ancient bone altar of Kikubaaqudgha.
  7100 | D:8      | Noticed Erica
  7128 | D:8      | Killed from afar by Erica

Illustrated notes

Levels and vault maps discovered:
D:1:      dpeg_arrival_concentric_ovals, layout_basic
D:2:      layout_loops_cross, basic_altar
D:3:      layout_basic, lemuel_coloured_pillars_altar, serial_corexii_hall,
          corexii_hall_statues_x, chequers_hall_statues_wall_a,
          corexii_hall_statues_l, corexii_hall_statues_deadend,
          basic_ecumenical_altar, reono_crystal_passage
D:4:      layout_basic, lemuel_crystal_altar, cheibrodos_sewer_entry_sluice,
          grunt_decor_mini_mirrors, minmay_fire_ice_demons,
          uniq_crazy_yiuf_cottage, uniq_duvessa, uniq_ijyb
D:5:      lemuel_ice_spiral_2, layout_rooms, uniq_edmund, uniq_menkaure
D:6:      layout_gridville, grunt_temple_overflow_open,
          kennysheep_generic_room_11
D:7:      layout_gridville, kennysheep_little_box,
          minmay_temple_entry_stoned_glass
D:8:      layout_basic, mainiacjoe_overflow_24_doors, kennysheep_generic_room_5,
          uniq_erica

Skill      XL: |  1  2  3  4  5  6  7  8  9 |
---------------+----------------------------+-----
Axes           | 4 5 6 8 9 13 14 15 | 15.8
Fighting       | |  3.2
Armour         | |  2.1
Dodging        | |  1.3

Action                     |  1- 3 |  4- 6 |  7- 9 || total
---------------------------+-------+-------+-------++-------
  Melee: Hand axe          |   132 |   219 |    48 ||   399
         Battleaxe         |       |       |   133 ||   133
  Throw: Stone             |       |     4 |     7 ||    11
 Invoke: Berserk           |       |     2 |     6 ||     8
         Trog's Hand       |       |     1 |     4 ||     5
  Evoke: Wand              |       |       |     1 ||     1
    Use: Scroll            |       |    13 |     3 ||    16
 Armour: Animal skin       |    20 |       |       ||    20
         Ring mail         |     8 |       |       ||     8
         Scale mail        |    54 |   159 |   113 ||   326
         Chain mail        |       |       |    26 ||    26
  Dodge: Dodged            |    74 |   113 |    54 ||   241

Table legend: (Time is in decaauts)
 A = Elapsed time spent in this place.
 B = Non-inter-level travel time spent in this place.
 C = Inter-level travel time spent in this place.
 D = Time resting spent in this place.
 E = Time spent auto-exploring this place.
 F = Levels seen in this place.
 G = Mean time per level.
                   A        B        C        D        E       F      G
               +--------+--------+--------+--------+--------+-----+--------+
         Total |   7246 |   6748 |    498 |   1442 |   3583 |   9 |  805.1 |
       Dungeon |   6782 |   6284 |    498 |   1389 |   3503 |   8 |  847.8 |
         Sewer |    463 |    463 |      0 |     53 |     79 |   1 |  463.0 |
               +--------+--------+--------+--------+--------+-----+--------+

Top non-repeatable levels by time:
     D:7: 1235 daAuts
     D:1: 1210 daAuts
     D:4: 1068 daAuts
     D:3: 923 daAuts
     D:6: 840 daAuts
     D:2: 743 daAuts
     D:8: 641 daAuts
   Sewer: 463 daAuts
     D:5: 120 daAuts
